 Dungeon Crawl Stone Soup version 0.31-a0-180-g519b7de00c (webtiles) character file.

Game seed: 3712775239383606787

46 Maxmaps the Vexing (level 3, -3/26 HPs)
             Began as a Demonspawn Hexslinger on June 19, 2023.
             Slain by a gnoll
             ... wielding a +0 spear
              (4 damage)
             ... on level 2 of the Dungeon.
             The game lasted 00:00:59 (904 turns).

Maxmaps the Vexing (Demonspawn Hexslinger)           Turns: 904, Time: 00:01:00

Health: -3/26      AC:  2    Str:  8    XL:     3   Next: 46%
Magic:  4/4        EV: 12    Int: 16    God:
Gold:   49         SH:  0    Dex: 15    Spells: 3/4 levels left

rFire   . . .        h - +0 dagger (elec)
rCold   . . .        (no shield)
rNeg    . . .        c - +0 robe
rPois   .            (no helmet)
rElec   .            (no cloak)
rCorr   .            (no gloves)
SInv    .            (no boots)
Will    .....        (no amulet)
Stlth   +            (no ring)
HPRegen 0.24/turn    (no ring)
MPRegen 0.09/turn

%: no passive effects
@: no status effects
A: claws 1, foul stench 1
a: no special abilities


You were on level 2 of the Dungeon.
You visited 1 branch of the dungeon, and saw 2 of its levels.

You collected 49 gold pieces.

Inventory:

Hand Weapons
 a - a +1 sling
 h - a +0 dagger of electrocution (weapon)
Armour
 c - a +0 robe (worn)
Scrolls
 b - a scroll of poison
 d - a scroll of immolation {unknown}
 e - a scroll of revelation {unknown}
 f - a scroll of fear {unknown}
 g - a scroll of blinking {unknown}


   Skills:
 - Level 1.0 Fighting
 + Level 2.3 Short Blades
 - Level 2.4 Ranged Weapons
 - Level 1.7 Dodging
 - Level 1.0 Spellcasting
 - Level 3.0 Hexes


You had 3 spell levels left.
You knew the following spells:

 Your Spells              Type           Power      Damage    Failure   Level
a - Slow                  Hex            40%        N/A       7%          1

Your spell library contained the following spells:

 Spells                   Type           Power      Damage    Failure   Level
 Inner Flame              Hex/Fire       5%         N/A       36%         3
 Portal Projectile        Hex/Tloc       10%        N/A       36%         3
 Cause Fear               Hex            5%         N/A       54%         4


Dungeon Overview and Level Annotations

Branches:
Dungeon (2/15)

Altars:


Innate Abilities, Weirdness & Mutations

You have sharp fingernails.
You may rarely emit foul miasma when damaged in melee.


Message History

You have reached level 3!
Your experience leads to an increase in your attributes!
Increase (S)trength, (I)ntelligence, or (D)exterity?
You feel clever. x2; Your demonic ancestry asserts itself...
You begin to emit a foul stench of rot and decay.
Key pressed, stopping explore.
No target in view!
HP restored.
You now have 49 gold pieces (gained 6). 3 gnolls come into view.
Found 6 gold pieces.
The gnoll shouts! x2; You hear a shout! x2
An endoplasm comes into view.
The gnoll moves out of view.
The gnoll shouts!
There are monsters nearby!
The gnoll hits you with a +0 spear.
There are monsters nearby!
There are monsters nearby!
You hit the gnoll. Lightning courses through the gnoll!
You kill the gnoll!
The gnoll closely misses you. The gnoll hits you with a +0 spear.
You hit the gnoll but do no damage.
The gnoll hits you from afar with a +0 spear.
The gnoll hits you with a +0 spear.
You are too injured to fight recklessly!
You are too injured to fight recklessly!
You are too injured to fight recklessly!
Unknown command.
You are too injured to fight recklessly!
You hit the gnoll but do no damage.
A goblin comes into view. It is wielding a +0 dagger.
The gnoll closely misses you. The gnoll barely misses you.
A gnoll comes into view. It is wielding a +0 whip.
You hit the gnoll.
The gnoll is lightly wounded.
The gnoll hits you from afar with a +0 spear!
* * * LOW HITPOINT WARNING * * *
The gnoll hits you with a +0 spear.
You die...

#.. . ... ### #.##. ..
.... #.... .. ... #...#
g .. #...# #$ g# #...#
##g###.##########....
####..)................#
......g@..#..#......####
########..#..#....######
#######..#..#........^.
#........#.....#.......
#.####...#...>.########
#...####.........
#........########
#.#.###### #.#.########


You could see 3 gnolls and a goblin.

Vanquished Creatures
  4 gnolls (D:2)
  A giant cockroach (D:1)
  A goblin (D:1)
  A hobgoblin (D:1)
  A ball python (D:1)
  A bat (D:1)
  A frilled lizard (D:1)
  A kobold (D:1)
  A rat (D:1)
12 creatures vanquished.

Notes
Turn   | Place    | Note
-------+----------+-------------------------------------------
     0 | D:1      | Maxmaps the Demonspawn Hexslinger began the quest for the
                  | Orb.
     0 | D:1      | Reached XP level 1. HP: 15/15 MP: 2/2
   777 | D:2      | Reached skill level 1 in Short Blades
   777 | D:2      | Gained mutation: You have sharp fingernails. [demonic
                  | ancestry]
   777 | D:2      | Reached XP level 2. HP: 14/21 MP: 3/3
   782 | D:2      | HP: 1/21 [gnoll/+0 spear (3)]
   786 | D:2      | Gained mutation: You may rarely emit foul miasma when
                  | damaged in melee. [demonic ancestry]
   786 | D:2      | Reached XP level 3. HP: 2/26 MP: 4/4
   904 | D:2      | HP: 1/26 [gnoll/+0 spear (8)]
   904 | D:2      | Slain by a gnoll

Illustrated notes

Levels and vault maps discovered:
D:1:      denvon_arrival_waterhouse, layout_loops_ring, serial_forest,
          infiniplex_forest_lined_room_2, infiniplex_forest_lined_room_3,
          infiniplex_forest_clump_small, infiniplex_forest_lined_room_3,
          infiniplex_forest_clump_curved, infiniplex_forest_clump_tiny,
          nicolae_concentric_dashed_squares_mild, due_unseen_surprise
D:2:      layout_basic, chequers_jeans, minmay_lizard_king

Skill      XL: |  1  2 |
---------------+-------+-----
Ranged Weapons | 2 |  2.4
Short Blades   | 1 2 |  2.3
Fighting       | |  1.0
Dodging        | |  1.7
Spellcasting   | |  1.0
Hexes          | |  3.0

Action                     || total
---------------------------++-------
  Melee: Dagger            ||    13
   Fire: Sling             ||    29
 Armour: Robe              ||     2
  Dodge: Dodged            ||    20

Table legend: (Time is in decaauts)
 A = Elapsed time spent in this place.
 B = Non-inter-level travel time spent in this place.
 C = Inter-level travel time spent in this place.
 D = Time resting spent in this place.
 E = Time spent auto-exploring this place.
 F = Levels seen in this place.
 G = Mean time per level.
                   A        B        C        D        E       F      G
               +--------+--------+--------+--------+--------+-----+--------+
         Total |    911 |    877 |     34 |      0 |    790 |   2 |  455.5 |
       Dungeon |    911 |    877 |     34 |      0 |    790 |   2 |  455.5 |
               +--------+--------+--------+--------+--------+-----+--------+

Top non-repeatable levels by time:
     D:1: 744 daAuts
     D:2: 167 daAuts
